 Dungeon Crawl Stone Soup version 0.31-a0-180-g519b7de00c (webtiles) character file.

Game seed: 11800705473897660425

597 Moral the Grave Robber (level 7, 0/47 (55) HPs)
             Began as a Naga Necromancer on June 19, 2023.
             Slain by a hound (3 damage)
             ... on level 5 of the Dungeon.
             The game lasted 00:13:41 (4891 turns).

Moral the Grave Robber (Naga Necromancer)           Turns: 4891, Time: 00:13:42

HP:   0/47 (55)     AC:  5    Str: 10    XL:     7   Next: 40%
MP:   13/13         EV: 10    Int: 23    God:
Gold: 276           SH:  0    Dex: 12    Spells: 10/15 levels left

rFire   . . .        t - +1 short sword (venom)
rCold   . . .        (no shield)
rNeg    . . .        a - +0 robe
rPois   +            f - +0 hat
rElec   .            (no cloak)
rCorr   .            y - +1 Delatra's gloves {ID++}
SInv    +            (no barding)
Will    .....        (no amulet)
Stlth   +++          i - +6 ring of intelligence
HPRegen 0.27/turn    (no ring)
MPRegen 0.13/turn

%: no passive effects
@: about to teleport, short of breath, heavily drained, very slow
A: AC +2, large, see invisible, deformed body, poison resistance, slowness 2,
spit poison 1, naga tail 1
a: Spit Poison


You were on level 5 of the Dungeon.
You visited 1 branch of the dungeon, and saw 5 of its levels.

You collected 276 gold pieces.

Inventory:

Hand Weapons
 p - a +2 rapier of protection
 t - a +1 short sword of venom (weapon)
Armour
 a - a +0 robe (worn)
 f - a +0 hat (worn)
 y - the +1 Delatra's gloves (worn) {ID++}
   (You found it on level 4 of the Dungeon)

   ID++:      It heals its wearer when they drink unknown potions, and restores
   their MP when they read unknown scrolls.
Jewellery
 i - a +6 ring of intelligence (left hand)
 s - an amulet of regeneration
 w - an amulet of reflection
Scrolls
 c - 8 scrolls of identify {unknown}
 e - a scroll of silence {unknown}
 h - 4 scrolls of fog {unknown}
 k - 2 scrolls of enchant weapon {unknown}
 o - a scroll of vulnerability {unknown}
 r - a scroll of revelation {unknown}
 x - a scroll of noise {unknown}
Potions
 b - a potion of magic
 d - 2 potions of enlightenment {unknown}
 j - a potion of curing {unknown}
 m - a potion of resistance {unknown}
 n - a potion of heal wounds {unknown}
 q - 2 potions of lignification {unknown}
 u - a potion of haste {unknown}
 v - a potion of berserk rage {unknown}


   Skills:
 + Level 3.0 Dodging
 + Level 5.5 Stealth
 * Level 4.5 Spellcasting
 * Level 6.0 Necromancy


You had 10 spell levels left.
You knew the following spells:

 Your Spells              Type           Power      Damage    Failure   Level
a - Necrotise             Necr           100%       1d9       1%          1
b - Animate Dead          Necr           32%        N/A       9%          4

Your spell library contained the following spells:

 Spells                   Type           Power      Damage    Failure   Level
 Vampiric Draining        Necr           32%        2d8       2%          3
 Slow                     Hex            20%        N/A       10%         1
 Agony                    Necr           32%        N/A       24%         5
 Anguish                  Hex/Necr       9%         N/A       28%         4
 Ozocubu's Armour         Ice            5%         N/A       30%         3
 Summon Mana Viper        Hex/Summ       5%         N/A       95%         5
 Ozocubu's Refrigeration  Ice            2%         4d8       100%        7
 Storm Form               Tmut/Air       2%         N/A       100%        7


Dungeon Overview and Level Annotations

Branches:
Dungeon (5/15)
 Temple: D:4-7

Altars:
Ashenzari
The Shining One

Annotations:
D:5 Edmund


Innate Abilities, Weirdness & Mutations

Your serpentine skin is tough. (AC +2)
You have supernaturally acute eyesight. (SInv)
Armour fits poorly on your strangely shaped body.
Your system is resistant to poisons. (rPois)
You cover ground very slowly.
You can spit poison.
You have a snake-like lower body.


Message History

Aiming: Spit Poison (1% risk of failure)
Press: ? - help, Shift-Dir - straight line, f/p - Edmund
Aim: Edmund, wielding a +6 flail of draining and wearing a +0 scale mail (moderately wounded, 65% to hit)
The splash of poison hits Edmund but does no damage.
Edmund is poisoned.
Edmund is moderately wounded.
The hound bites you but does no damage.
Edmund hits you with a +6 flail of draining!
You feel drained.
Your adder skeleton closely misses the hound.
The hound bites you but does no damage.
You barely miss Edmund.
Edmund is moderately wounded.
The hound closely misses you.
Edmund hits you with a +6 flail of draining.
You feel drained.
Your adder skeleton bites the hound.
You barely miss Edmund.
Edmund is moderately wounded.
The hound bites you.
Your adder skeleton bites the hound but does no damage.
Edmund hits you with a +6 flail of draining!
You feel drained.
* * * LOW HITPOINT WARNING * * *
The hound misses you.
Okay, then.
As you read the scroll labelled OKOMEG ZEKOA, it crumbles to dust.
Your body is wracked with pain!
* * * LOW HITPOINT WARNING * * *
The hound convulses!
Edmund convulses!
It was a scroll of torment.
The energy of discovery flows from your fingertips!
Magic courses through your body. The hound barely misses you.
Your adder skeleton bites the hound but does no damage.
Edmund hits you with a +6 flail of draining.
* * * LOW HITPOINT WARNING * * *
You feel drained.
As you read the scroll labelled UCAZAWKE VUTITH, it crumbles to dust.
You feel strangely unstable.
It was a scroll of teleportation.
The energy of discovery flows from your fingertips!
Magic courses through your body. The hound bites you.
You die...

# ##...#### #. #
#..#....###... ##
#.###.#.....# #
.####.###....#### .#
.......##....######.# #
####.#.##.#.........##..
####.#....#..#..........
.....###...#......Z.....
.....#.....#....@h......
..)....###.##....@.>....
......## #.##..........$
.......###.##...........
.....#.....##...........
.....#########..........
.)....## ##.....##..
##.##..### #.##### ##
..........


You could see Edmund (poisoned), a hound (ally target) and a friendly adder
skeleton.

Vanquished Creatures
  A water moccasin (D:3)
  A kobold brigand (D:3)
  A scorpion (D:4)
  A hound (D:3)
  5 orc wizards
  5 adders
  A shadow imp (D:5)
  A white imp (D:5)
  3 worms
  3 dart slugs
  20 orcs
  9 ball pythons
  9 endoplasms
  6 giant cockroaches
  7 goblins
  2 hobgoblins (D:2)
  2 jackals
  11 kobolds
  8 quokkas
  10 bats
  5 frilled lizards
  10 rats
121 creatures vanquished.

Vanquished Creatures (collateral kills)
  2 goblins
  2 ball pythons
  A kobold (D:3)
5 creatures vanquished.

Vanquished Creatures (others)
  3 orc zombies (D:5)
  A bat zombie (D:3)
4 creatures vanquished.

Grand Total: 130 creatures vanquished

Notes
Turn   | Place    | Note
-------+----------+-------------------------------------------
     0 | D:1      | Moral the Naga Necromancer began the quest for the Orb.
     0 | D:1      | Reached XP level 1. HP: 15/15 MP: 3/3
    70 | D:1      | Reached XP level 2. HP: 22/22 MP: 3/5
   340 | D:1      | Got Vuosabb's Secrets of Fascination and the Sixfirhy
   491 | D:1      | Reached XP level 3. HP: 28/28 MP: 2/6
  1180 | D:2      | Found a broken altar of Ashenzari.
  1748 | D:2      | Reached XP level 4. HP: 36/36 MP: 4/8
  2354 | D:2      | Found a faded altar of an unknown god.
  2601 | D:3      | Noticed a kobold brigand
  2612 | D:3      | Killed a kobold brigand
  2613 | D:3      | Reached XP level 5. HP: 19/42 MP: 3/9
  2712 | D:3      | Noticed a water moccasin
  2715 | D:3      | Reached skill level 5 in Necromancy
  2731 | D:3      | Killed a water moccasin
  2732 | D:3      | Reached XP level 6. HP: 38/49 MP: 0/11
  2859 | D:3      | Learned a level 4 spell: Animate Dead
  2989 | D:3      | Reached skill level 5 in Stealth
  3622 | D:4      | Reached XP level 7. HP: 45/55 MP: 13/13
  3707 | D:4      | Found a glowing golden altar of the Shining One.
  3826 | D:4      | Found the +1 Delatra's gloves {ID++}
  4498 | D:5      | Entered Level 5 of the Dungeon
  4593 | D:5      | Reached skill level 6 in Necromancy
  4877 | D:5      | Noticed Edmund
  4890 | D:5      | HP: 2/48 [Edmund/+6 flail of draining (6)]
  4891 | D:5      | Slain by a hound

Illustrated notes

Levels and vault maps discovered:
D:1:      shiori_arrival_maze, layout_rooms
D:2:      minmay_evil_eye, layout_loops_corners,
          hellmonk_ecumenical_altar_defaced_shrine, basic_altar, st_stairs_10
D:3:      layout_rooms, minmay_fractal_squares_5
D:4:      layout_basic, mainiacjoe_overflow_paths, serial_park_tiny_2,
          hangedman_decor_opposing, st_stairs_5
D:5:      layout_rooms, uniq_edmund

Skill      XL: |  1  2  3  4  5  6  7 |
---------------+----------------------+-----
Dodging        | 2 3 |  3.0
Spellcasting   | 3 4 |  4.5
Stealth        | 4 5 |  5.5
Necromancy     | 5 6 |  6.0

Action                     |  1- 3 |  4- 6 |  7- 9 || total
---------------------------+-------+-------+-------++-------
  Melee: Unarmed           |    17 |     3 |       ||    20
         Short sword       |       |    42 |    32 ||    74
   Cast: Necrotise         |    77 |    92 |    48 ||   217
         Animate Dead      |       |     3 |     2 ||     5
Ability: Spit Poison       |     2 |     7 |     1 ||    10
    Use: Potion            |       |     1 |       ||     1
         Scroll            |       |       |     2 ||     2
 Armour: Robe              |     8 |    11 |    17 ||    36
  Dodge: Dodged            |    24 |    32 |    28 ||    84

Table legend: (Time is in decaauts)
 A = Elapsed time spent in this place.
 B = Non-inter-level travel time spent in this place.
 C = Inter-level travel time spent in this place.
 D = Time resting spent in this place.
 E = Time spent auto-exploring this place.
 F = Levels seen in this place.
 G = Mean time per level.
                   A        B        C        D        E       F      G
               +--------+--------+--------+--------+--------+-----+--------+
         Total |   5927 |   5831 |     96 |    157 |   4695 |   5 | 1185.4 |
       Dungeon |   5927 |   5831 |     96 |    157 |   4695 |   5 | 1185.4 |
               +--------+--------+--------+--------+--------+-----+--------+

Top non-repeatable levels by time:
     D:2: 1894 daAuts
     D:4: 1317 daAuts
     D:1: 1216 daAuts
     D:3: 1043 daAuts
     D:5: 455 daAuts
